 Dungeon Crawl Stone Soup version 0.24-a0-7-g1bb0902 (webtiles) character file.

Game seed: 1953365196669513463

15716 poirepourri the Basher (level 12, -6/81 HPs)
             Began as a Gargoyle Fighter on Jan 30, 2019.
             Was a High Priest of Cheibriados.
             Mangled by a white ugly thing (25 damage)
             ... on level 11 of the Dungeon.
             The game lasted 00:13:29 (9813 turns).

poirepourri the Basher (Gargoyle Fighter)           Turns: 9813, Time: 00:13:30

Health: -6/81      AC: 27    Str: 32    XL:     12   Next: 29%
Magic:  12/21      EV:  9    Int: 22    God:    Cheibriados [*****.]
Gold:   458        SH: 18    Dex: 25    Spells: 11/11 levels left

rFire    . . .     SeeInvis .   a - +1 flail
rCold    . . .     Gourm    .   c - +3 shield
rNeg     + . .     Faith    .   b - +0 scale mail
rPois    ∞         Spirit   .   y - +1 helmet
rElec    +         Reflect  .   r - +0 cloak
rCorr    .         Harm     .   (no gloves)
MR       .....                  l - +2 pair of boots
Stlth    +.........             (no amulet)
HPRegen  0.23/turn              h - +5 ring of protection
MPRegen  0.17/turn              g - ring of magical power

@: slowed, very slow
A: negative energy resistance 1, electricity resistance, unbreathing,
petrification resistance, rot immunity, AC +8
a: Bend Time, Temporal Distortion, Slouch, Step From Time, Renounce Religion


You were on level 11 of the Dungeon.
You worshipped Cheibriados.
Cheibriados was extremely pleased with you.
You were hungry.

You visited 2 branches of the dungeon, and saw 12 of its levels.

You collected 660 gold pieces.
You spent 202 gold pieces at shops.

Inventory:

Hand Weapons
 a - a +1 flail (weapon)
Missiles
 n - a throwing net (quivered)
 x - 29 bolts
Armour
 b - a +0 scale mail (worn)
 c - a +3 shield (worn)
 l - a +2 pair of boots (worn)
 r - a +0 cloak (worn)
 y - a +1 helmet (worn)
Jewellery
 g - a ring of magical power (right hand)
 h - a +5 ring of protection (left hand)
 m - an uncursed ring of fire
Wands
 d - a wand of clouds (4)
 i - a wand of iceblast (16)
 s - a wand of polymorph (11)
 u - a wand of flame (6)
 w - a wand of digging (7)
Scrolls
 e - 4 scrolls of amnesia
 p - a scroll of magic mapping
 v - 2 scrolls of remove curse
 A - 2 scrolls of fog
 B - a scroll of identify
Potions
 j - 2 potions of ambrosia
 o - a potion of curing
 q - 4 potions of flight
 t - a potion of cancellation
Comestibles
 f - 16 rations


   Skills:
 - Level 12.1 Fighting
 - Level 13.0 Maces & Flails
 - Level 3.2 Armour
 + Level 11.2 Shields


You had 11 spell levels left.
You didn't know any spells.
Your spell library contained the following spells:

 Spells                   Type           Power        Failure   Level  Hunger
 Animate Skeleton         Necr           N/A          47%         1    ##.....
 Pain                     Necr           #...         47%         1    ##.....
 Regeneration             Chrm/Necr      #.........   85%         3    ####...
 Vampiric Draining        Necr           #.........   85%         3    ####...
 Animate Dead             Necr           N/A          99%         4    #####..


Dungeon Overview and Level Annotations

Branches:
Dungeon (11/15)            Temple (1/1) D:5            Lair (0/6) D:8
    Orc (0/2) D:11

Altars:
Ashenzari
Cheibriados
Dithmenos
Elyvilon
Fedhas
Gozag
Hepliaklqana
Kikubaaqudgha
Makhleb
Nemelex Xobeh
Okawaru
Qazlal
Ru
Sif Muna
Trog
Uskayaw
Vehumet
Wu Jian
Xom
Yredelemnul
Zin
The Shining One

Shops:
D:6 [   D:9 *

Annotations:
D:3 2 transporters, Kenran's ghost, amateur DgGl


Innate Abilities, Weirdness & Mutations

You are resistant to torment.
Your stone body is resilient. (AC +8)
You are immune to poison.
You resist negative energy. (rN+)
You are resistant to electric shocks. (rElec)
You can survive without breathing.
You are immune to petrification.
You are immune to rotting.


Message History

The white ugly thing headbutts you but does no damage.
You feel your magic capacity increase.
g - a ring of magical power (right hand)
The white ugly thing headbutts you but does no damage.
Press: ? - help, v - describe, . - travel
Here: a white ugly thing The floor.
You feel better. The white ugly thing headbutts you!
The white ugly thing freezes you!!
* * * LOW HITPOINT WARNING * * *
Unknown command.
Unknown command.
Unknown command.
You feel better.
You block the white ugly thing's attack.
The white ugly thing barely misses you.
You feel better. The white ugly thing headbutts you.
* * * LOW HITPOINT WARNING * * *
The white ugly thing freezes you!!
You die...

## ############### #.
..............# .:###
.############.# ...##
.##<...# #.#####...##
.#####.# #.##@u.....#..
.†.....######..........#.. .
#########......#..†))..#..u.
. #......#...().......
#......#...)....#.#.
#......#........#
#......#........##
#................#
#..............#.##


You could see a white ugly thing.

Vanquished Creatures
  An ogre mage (D:11)
  A hydra (D:11)
  2 two-headed ogres
  An unseen horror (D:11)
  A cyclops (D:11)
  2 ugly things
  A gargoyle (D:10)
  An efreet (D:11)
  5 trolls (D:11)
  3 hippogriffs
  A shadow (D:11)
  Sigmund (D:5)
  A wraith (D:11)
  Eustachio (D:4)
  16 yaks
  A vampire mosquito (D:11)
  2 wargs
  Menkaure (D:5)
  4 sky beasts
  2 ice beasts
  3 black bears
  5 ogres
  5 orc warriors
  4 phantoms
  2 crocodiles (D:10)
  4 centaurs
  Blork the orc (D:4)
  5 big kobolds (D:11)
  3 gnoll sergeants (D:11)
  7 bullfrogs
  A water moccasin zombie (D:8)
  2 scorpions
  7 killer bees
  A wight (D:11)
  2 howler monkeys
  3 crimson imps
  6 hounds
  7 orc priests
  2 bullfrog skeletons
  5 orc wizards
  2 centaur skeletons
  5 iguanas
  8 worker ants
  A hound skeleton (D:4)
  4 hound zombies
  2 worker ant zombies
  2 howler monkey skeletons
  3 gnolls (D:11)
  14 adders
  5 shadow imps
  An ooze (D:3)
  2 adder skeletons (D:5)
  A worm (D:2)
  A dart slug (D:3)
  5 leopard geckos
  43 orcs
  3 giant cockroaches
  2 goblins
  9 hobgoblins
  11 jackals
  16 kobolds
  5 quokkas
  2 ball pythons (D:4)
  8 bats
  6 frilled lizards
  A leopard gecko skeleton (D:6)
  2 quokka skeletons
  6 rats
293 creatures vanquished.

Vanquished Creatures (others)
  An orc (D:11)
1 creature vanquished.

Grand Total: 294 creatures vanquished

Notes
Turn   | Place    | Note
-------+----------+-------------------------------------------
     0 | D:1      | poirepourri the Gargoyle Fighter began the quest for the
                  | Orb.
     0 | D:1      | Reached XP level 1. HP: 14/14 MP: 1/1
   133 | D:1      | Reached XP level 2. HP: 19/19 MP: 2/2
   670 | D:2      | Reached skill level 3 in Maces & Flails
   679 | D:2      | Reached XP level 3. HP: 23/23 MP: 3/3
  1321 | D:2      | Reached skill level 4 in Maces & Flails
  1349 | D:2      | Reached XP level 4. HP: 24/28 MP: 4/4
  1682 | D:2      | Found an ornate altar of the Wu Jian Council.
  1767 | D:3      | Noticed a phantom
  1819 | D:3      | Killed a phantom
  1819 | D:3      | Reached skill level 5 in Maces & Flails
  1819 | D:3      | Reached XP level 5. HP: 29/32 MP: 5/5
  2041 | D:3      | Reached skill level 6 in Maces & Flails
  2148 | D:3      | Reached XP level 6. HP: 31/37 MP: 6/6
  2169 | D:3      | Found a transporter.
  2172 | D:3      | Noticed Kenran's ghost (amateur DgGl)
  2172 | D:3      | Identified the +3 dire flail "Heettegh" {flame, SInv}
  2178 | D:3      | Found a transporter.
  2792 | D:4      | Noticed Eustachio
  2794 | D:4      | Noticed a phantom
  2906 | D:4      | Killed Eustachio
  2906 | D:4      | Reached skill level 7 in Maces & Flails
  3114 | D:4      | Killed a phantom
  3114 | D:4      | Reached XP level 7. HP: 41/41 MP: 7/7
  3242 | D:4      | Noticed Blork the orc
  3255 | D:4      | Killed Blork the orc
  3255 | D:4      | Reached skill level 8 in Maces & Flails
  3697 | D:5      | Entered Level 5 of the Dungeon
  3786 | D:5      | Found a sparkling altar of Nemelex Xobeh.
  3910 | D:5      | Found a stormy altar of Qazlal.
  3951 | D:5      | Noticed Sigmund
  3992 | D:5      | Killed Sigmund
  3992 | D:5      | Reached skill level 9 in Maces & Flails
  3992 | D:5      | Reached XP level 8. HP: 40/46 MP: 8/8
  4147 | D:5      | Found a glowing golden altar of the Shining One.
  4190 | D:5      | Noticed Menkaure
  4211 | D:5      | Killed Menkaure
  4519 | D:5      | Found a staircase to the Ecumenical Temple.
  4534 | Temple   | Entered the Ecumenical Temple
  4547 | Temple   | Became a worshipper of Cheibriados the Contemplative
  4700 | D:6      | Found Jishoi's Antique Armour Shop.
  4716 | D:6      | Bought a glowing helmet for 202 gold pieces
  4768 | D:6      | Reached skill level 10 in Maces & Flails
  5417 | D:7      | Reached skill level 11 in Maces & Flails
  5485 | D:7      | Reached * piety under Cheibriados
  5485 | D:7      | Reached XP level 9. HP: 51/51 MP: 9/9
  5701 | D:7      | Found a glowing silver altar of Zin.
  5702 | D:7      | Noticed an angel
  6110 | D:8      | Found a staircase to the Lair.
  6113 | D:8      | Reached skill level 12 in Maces & Flails
  6652 | D:8      | Reached skill level 13 in Maces & Flails
  6898 | D:8      | Found a shattered altar of Ashenzari.
  6973 | D:8      | Reached ** piety under Cheibriados
  7010 | D:8      | Found an iron altar of Okawaru.
  7021 | D:8      | Reached skill level 5 in Fighting
  7021 | D:8      | Reached XP level 10. HP: 31/59 MP: 10/10
  7648 | D:9      | Noticed a two-headed ogre
  7659 | D:9      | Killed a two-headed ogre
  7860 | D:9      | Found Itweceg's General Store.
  7964 | D:10     | Entered Level 10 of the Dungeon
  8070 | D:10     | Reached *** piety under Cheibriados
  8220 | D:10     | Reached skill level 10 in Fighting
  8522 | D:10     | Noticed a gargoyle
  8530 | D:10     | Killed a gargoyle
  8540 | D:10     | Noticed a red ugly thing
  8550 | D:10     | Reached XP level 11. HP: 41/73 MP: 11/11
  8550 | D:10     | Killed a red ugly thing
  8560 | D:10     | Reached **** piety under Cheibriados
  8902 | D:11     | Noticed a four-headed hydra
  8912 | D:11     | Killed a four-headed hydra
  9196 | D:11     | Noticed a cyclops
  9201 | D:11     | Reached skill level 5 in Shields
  9219 | D:11     | Killed a cyclops
  9333 | D:11     | Killed an unseen horror
  9389 | D:11     | Reached ***** piety under Cheibriados
  9436 | D:11     | Found a staircase to the Orcish Mines.
  9477 | D:11     | Reached XP level 12. HP: 69/81 MP: 12/12
  9625 | D:11     | Reached skill level 10 in Shields
  9744 | D:11     | Noticed a two-headed ogre
  9756 | D:11     | Killed a two-headed ogre
  9764 | D:11     | Noticed an ogre mage
  9789 | D:11     | Killed an ogre mage
  9813 | D:11     | Mangled by a white ugly thing

Vault maps used:
D:1:      tarquinn_simple_flora_water_d
D:2:      lemuel_crystal_altar, minmay_misc_feat_chi
D:3:      gammafunk_ghost_smash
D:4:      first_ration, uniq_blork_the_orc, uniq_eustachio
D:5:      tso_altar, lemuel_doored_altar, nemelex_xobeh_ov_fountains_minmay,
          minmay_temple_entry_mini_moons, uniq_sigmund, uniq_menkaure
D:6:      serial_shops, shop, kennysheep_donut
D:7:      zin_angel
D:8:      ashenzari_conservatory_becter, kennysheep_little_box,
          erik_lair_orcish_takeover
D:9:      serial_shops, shop
D:10:     serial_glass, glass_columns_b, glass_columns_c, glass_columns_b,
          glass_columns_a
D:11:     minmay_the_grid_plus, kennysheep_orc_monster_closet_entryway,
          hangedman_little_slice_of_home, kennysheep_generic_room_10
Temple:   regret_index_temple_waves

Skill      XL: |  1  2  3  4  5  6  7  8  9 10 11 12 |
---------------+-------------------------------------+-----
Maces & Flails | 3 4 5 6 7 9 11 13 | 13.0
Fighting       | 5 10 12 | 12.1
Shields        | 9 11 | 11.2
Armour         | |  3.2

Action                   |  1- 3 |  4- 6 |  7- 9 | 10-12 || total
-------------------------+-------+-------+-------+-------++-------
Melee: Flail             |   153 |   175 |   248 |   622 ||  1198
       Unarmed           |       |    20 |       |       ||    20
       Mace              |       |    12 |   298 |       ||   310
Evoke: Wand              |       |       |     6 |    11 ||    17
  Use: Scroll            |     2 |    10 |     8 |     8 ||    28
       Potion            |     1 |     1 |     5 |    11 ||    18
 Stab: Invisible         |       |     5 |       |       ||     5
  Eat: Ration            |     1 |     2 |     4 |       ||     7
Armor: Scale mail        |   125 |    80 |   285 |   336 ||   826
       Skin              |       |    27 |    87 |    69 ||   183
Dodge: Dodged            |    59 |    49 |   154 |   153 ||   415
Block: Shield            |   106 |    94 |   369 |   520 ||  1089

Table legend:
 A = Non-vault XP
 B = Vault XP
 C = Vault XP percentage of total XP
 D = Non-vault monster count
 E = Vault monster count
 F = Vault count percentage of total count
                 A         B        C        D         E       F
            +---------+---------+-------+---------+---------+-------
      Total |   14034 |    8418 |  37.5 |     237 |      56 |  19.1
            +---------+---------+-------+---------+---------+-------
        D:1 |      37 |       0 |   0.0 |      19 |       0 |   0.0
        D:2 |      96 |       0 |   0.0 |      23 |       0 |   0.0
        D:3 |     200 |       0 |   0.0 |      26 |       0 |   0.0
        D:4 |     306 |     296 |  49.2 |      13 |       2 |  13.3
        D:5 |     328 |     392 |  54.4 |      18 |       2 |  10.0
        D:6 |     442 |       0 |   0.0 |      14 |       0 |   0.0
        D:7 |    1582 |     284 |  15.2 |      17 |       5 |  22.7
        D:8 |     716 |     176 |  19.7 |      24 |       2 |   7.7
        D:9 |    1817 |       0 |   0.0 |      21 |       0 |   0.0
       D:10 |    4125 |       0 |   0.0 |      34 |       0 |   0.0
       D:11 |    4385 |    7270 |  62.4 |      28 |      45 |  61.6
            +---------+---------+-------+---------+---------+-------
